 Dungeon Crawl Stone Soup version 0.23.2-1-ga50397a6bc (webtiles) character file.

Game seed: 4186004439926834467

33 Kobolds4U the Sneak (level 3, -3/18 HPs)
             Began as a Spriggan Assassin on May 30, 2019.
             Killed by nerve-wracking pain
             ... invoked by Jessica
              (8 damage)
             ... on level 2 of the Dungeon.
             The game lasted 00:02:19 (1217 turns).

Kobolds4U the Sneak (Spriggan Assassin)             Turns: 1217, Time: 00:02:19

Health: -3/18      AC:  3    Str:  7    XL:     3   Next: 12%
Magic:  4/4        EV: 17    Int: 12    God:
Gold:   115        SH:  0    Dex: 18    Spells: 2/2 levels left

rFire    . . .     SeeInvis +   a - +2 dagger
rCold    . . .     Gourm    .   (shield restricted)
rNeg     . . .     Faith    .   c - +0 robe
rPois    .         Spirit   .   (helmet restricted)
rElec    .         Reflect  .   d - +0 cloak
rCorr    .         Harm     .   (gloves unavailable)
MR       .....                  (boots unavailable)
Stlth    ++++......             (no amulet)
HPRegen  0.06/turn              (no ring)
MPRegen  0.09/turn              (no ring)

@: very quick
A: very small, unfitting armour, see invisible, herbivore, speed 3, slow
metabolism 2
a: no special abilities


You were on level 2 of the Dungeon.
You were not hungry.

You visited 1 branch of the dungeon, and saw 2 of its levels.

You collected 115 gold pieces.

Inventory:

Hand Weapons
 a - a +2 dagger (weapon)
 b - a +0 blowgun
Missiles
 e - 7 poisoned needles
 f - 2 curare-tipped needles
 l - 20 bolts
Armour
 c - a +0 robe (worn)
 d - a +0 cloak (worn)
Scrolls
 h - a scroll of remove curse {unknown}
 i - a scroll of teleportation {unknown}
 k - 3 scrolls of enchant weapon {unknown}
 o - a scroll of identify {unknown}
Potions
 j - a potion of haste {unknown}
 m - a potion of lignification {unknown}
 n - a potion of brilliance {unknown}
Comestibles
 g - 2 rations


   Skills:
 - Level 1.5 Fighting
 - Level 2.2 Short Blades
 - Level 2.0 Throwing
 - Level 1.5 Dodging
 + Level 7.6 Stealth


You had 2 spell levels left.
You didn't know any spells.
Your spell library was empty.

Dungeon Overview and Level Annotations

Branches:
Dungeon (2/15)

Altars:

Annotations:
D:2 Jessica


Innate Abilities, Weirdness & Mutations

You are very small and have problems with some larger weapons.
You are too small for most types of armour.
You have supernaturally acute eyesight. (SInv)
You are a herbivore.
You cover ground extremely quickly.
You need to consume almost no food.


Message History

The worm is moderately wounded.
Jessica hits you but does no damage.
You hit the worm.
The worm is heavily wounded.
The worm barely misses you.
You hit the worm.
The worm is heavily wounded.
Jessica closely misses you.
You hit the worm.
The worm is severely wounded.
Jessica hits you with a cursed -2 dagger.
The worm bites you!
* * * LOW HITPOINT WARNING * * *
You are too injured to fight recklessly!
You see here a bat corpse.
The rat twitches its whiskers.
Jessica looks very angry.
Jessica casts a spell at you. Pain shoots through your body!
You die...

# # # # # #.
.### #.# ..# ##
#.# ######.###
##.
#.###.@.##...#
##..
#.##..#....#.#
###..#
#.##.#####...##
##...## ##.#..#
##...###..####
#....##
##..†.#.## #
##.@.##
##.#.#.# #
#####..r##
#.#...# ##
#.....w##
#.#..## ##.
#......# #.##..
#..


You could see a worm, Jessica and a rat.

Vanquished Creatures
  An adder (D:2)
  A worm (D:2)
  A dart slug (D:2)
  5 bats
  A goblin (D:2)
  2 hobgoblins (D:1)
  2 jackals (D:2)
  A kobold (D:2)
  4 frilled lizards
  3 rats
21 creatures vanquished.

Notes
Turn   | Place    | Note
-------+----------+-------------------------------------------
     0 | D:1      | Kobolds4U the Spriggan Assassin began the quest for the
                  | Orb.
     0 | D:1      | Reached XP level 1. HP: 10/10 MP: 2/2
    43 | D:1      | Reached skill level 6 in Stealth
   289 | D:1      | Reached XP level 2. HP: 14/14 MP: 3/3
   442 | D:2      | Reached skill level 7 in Stealth
  1048 | D:2      | Reached XP level 3. HP: 13/18 MP: 4/4
  1196 | D:2      | Noticed Jessica
  1217 | D:2      | Killed from afar by Jessica

Skill      XL: |  1  2 |
---------------+-------+-----
Stealth        | 6 7 |  7.6
Fighting       | |  1.5
Short Blades   | |  2.2
Throwing       | |  2.0
Dodging        | |  1.5

Action                   || total
-------------------------++-------
Melee: Dagger            ||    67
 Fire: Blowgun           ||    17
 Stab: Sleeping          ||     9
Armor: Robe              ||     4
Dodge: Dodged            ||    37
